 Dungeon Crawl Stone Soup version 0.17-a0-777-g32247ce (webtiles) character file.

1728 sieger the Cleaver (level 9, -2/71 HPs)
             Began as a Hill Orc Abyssal Knight on Apr 25, 2015.
             Was a Believer of Lugonu.
             Slain by an iguana (5 damage)
             ... on level 6 of the Dungeon.
             The game lasted 00:53:10 (7411 turns).

sieger the Cleaver (Hill Orc Abyssal Knight)        Turns: 7411, Time: 00:53:10

Health: -2/71      AC:  9    Str: 17    XL:     9   Next: 5%
Magic:  23/23      EV:  9    Int: 13    God:    Lugonu [**....]
Gold:   164        SH:  0    Dex: 10    Spells: 0 memorised, 8 levels left

rFire  . . .     SeeInvis .     b - +3 hand axe (flame)
rCold  . . .     Clarity  .     o - +0 scale mail
rNeg   . . .     SustAb   +     (no shield)
rPois  .         Gourm    .     n - +0 helmet
rElec  .         Spirit   .     D - +0 cloak
rCorr  +         Warding  .     I - +0 pair of gloves
rMut   .         Stasis   .     (no boots)
MR     .....                    i - amulet of resist corrosion
Stlth  ..........               H - ring of magical power
                                j - ring of sustain abilities

@: very slightly contaminated, not resistant to hostile enchantments, extremely
unstealthy
A: no striking features
a: Depart the Abyss, Bend Space, Renounce Religion


You were on level 6 of the Dungeon.
You worshipped Lugonu.
Lugonu was pleased with you.
You were not hungry.

You visited 1 branch of the dungeon, and saw 6 of its levels.
You visited the Abyss 2 times.

You collected 164 gold pieces.

Inventory:

Hand weapons
 a - a +1 hand axe
 b - a +3 hand axe of flaming (weapon)
 z - a +1 long sword of protection
Armour
 n - a +0 helmet (worn)
 o - a +0 scale mail (worn)
 D - a +0 cloak (worn)
 I - a +0 pair of gloves (worn)
Jewellery
 i - an amulet of resist corrosion (around neck)
 j - a ring of sustain abilities (left hand)
 k - an uncursed amulet of stasis
 H - a ring of magical power (right hand)
 J - an uncursed ring of protection from fire
Magical devices
 w - a wand of random effects (12)
Scrolls
 h - a scroll of identify
 t - a scroll of recharging
 u - a scroll of immolation {unknown}
 E - a scroll of summoning {unknown}
 F - a scroll of remove curse
Potions
 e - 3 potions of curing {unknown}
 f - a potion of degeneration {unknown}
 g - a potion of agility {unknown}
 m - 2 potions of heal wounds {unknown}
 p - a potion of poison {unknown}
 r - a potion of flight {unknown}
 s - a potion of invisibility
 v - a potion of restore abilities {unknown}
 A - 3 potions of ambrosia
Comestibles
 c - 2 bread rations
 d - 4 meat rations
 l - a royal jelly
 C - a beef jerky


   Skills:
 - Level 4.0 Fighting
 * Level 11.1 Axes
 + Level 4.7 Throwing
 - Level 2.3 Armour
 - Level 0.7 Dodging
 + Level 7.4 Invocations


You had 8 spell levels left.
You didn't know any spells.

Dungeon Overview and Level Annotations

Branches:
Dungeon (6/15)
 Temple: D:4-7

Altars:
Cheibriados
Dithmenos
Fedhas
Gozag
Nemelex Xobeh
Qazlal
Sif Muna

Annotations:
Abyss:1 Grinder, Sigmund


Message History

You see here an arrow.
The centaur shoots an arrow.
The arrow closely misses you.
The centaur shoots an arrow.
The arrow hits you.
* * * LOW HITPOINT WARNING * * *
You see here an arrow.
The centaur shoots an arrow.
The arrow misses you.
You see here 11 gold pieces.
The centaur shoots an arrow.
The arrow hits you.
* * * LOW HITPOINT WARNING * * *
You see here an arrow.
An iguana comes into view.
Found a scroll of noise.
The iguana bites you but does no damage.
The iguana bites you!
* * * LOW HITPOINT WARNING * * *
You see here a scroll of noise.
A worker ant comes into view.
The worker ant twitches its antennae in your direction.
The iguana bites you.
You die...

.####
#..(...#.###
.
#..)...#...#
. #.....S.#
.# .
#.....#.##.#
#$.........#
##.###.#c###
#.# #.#.S#
... #.##l##
... #....@#
#####.# #.#
#.. #.#.
#... .#. . a
. . .


You could see a centaur, an iguana, a worker ant, an adder and a ball python.

Vanquished Creatures
  An ice beast (D:6)
  Duvessa (D:4)
  An ogre (D:5)
  Dowan (D:4)
  2 scorpions
  An electric eel (D:6)
  2 jellies
  A giant frog zombie (D:5)
  2 crimson imps
  Crazy Yiuf (D:3)
  3 hounds
  5 orc wizards
  Jessica (D:2)
  3 orc priests
  Terence (D:4)
  3 worker ants
  Natasha (thrice) (D:3)
  2 iguanas
  A hound zombie (D:5)
  A hound skeleton (D:5)
  Robin (D:2)
  6 adders
  2 oozes (D:2)
  An adder skeleton (D:6)
  6 worms
  5 giant geckos
  28 orcs
  7 giant cockroaches
  21 goblins
  20 hobgoblins
  5 kobolds
  5 quokkas
  3 ball pythons
  8 bats
  5 giant newts
  5 rats
164 creatures vanquished.

Vanquished Creatures (others)
  An orc warrior (D:6)
  An ogre (D:4)
2 creatures vanquished.

Grand Total: 166 creatures vanquished

Notes
Turn   | Place    | Note
--------------------------------------------------------------
     0 | Abyss:1  | sieger, the Hill Orc Abyssal Knight, began the quest for the Orb.
     0 | Abyss:1  | Reached XP level 1. HP: 19/19 MP: 2/2
    64 | D:1      | Escaped the Abyss
   180 | D:1      | Reached skill level 4 in Fighting
   357 | D:1      | Reached XP level 2. HP: 27/27 MP: 3/3
   899 | D:2      | Acquired Lugonu's second power
   899 | D:2      | Reached XP level 3. HP: 28/33 MP: 4/4
   936 | D:2      | Found a sparkling altar of Nemelex Xobeh.
   936 | D:2      | Noticed Jessica
   943 | D:2      | Killed Jessica
  1005 | D:2      | Reached skill level 5 in Axes
  1005 | D:2      | Reached XP level 4. HP: 40/40 MP: 5/5
  1232 | D:2      | Found a snail-covered altar of Cheibriados.
  1233 | D:2      | Found a deep blue altar of Sif Muna.
  1233 | D:2      | Found a stormy altar of Qazlal.
  1233 | D:2      | Found a shadowy altar of Dithmenos.
  1234 | D:2      | Found a blossoming altar of Fedhas.
  1286 | D:2      | Noticed Robin
  1307 | D:2      | Killed Robin
  1722 | D:2      | Reached XP level 5. HP: 14/46 MP: 7/7
  1795 | D:2      | Acquired Lugonu's third power
  2788 | D:3      | Reached skill level 6 in Axes
  2990 | D:3      | Noticed Sigmund
  3001 | D:3      | Banished Sigmund
  3001 | D:3      | Reached skill level 1 in Throwing
  3001 | D:3      | Reached XP level 6. HP: 52/52 MP: 4/9
  3118 | D:3      | Noticed Natasha
  3133 | D:3      | Killed Natasha
  3432 | D:3      | Reached skill level 7 in Axes
  3500 | D:3      | Noticed Grinder
  3500 | D:3      | Noticed Terence
  3503 | D:3      | Banished Grinder
  3595 | D:4      | Killed Terence
  3595 | D:4      | Reached XP level 7. HP: 13/59 MP: 10/10
  4014 | D:3      | Noticed Crazy Yiuf
  4022 | D:3      | Killed Crazy Yiuf
  4429 | D:3      | Noticed Natasha
  4437 | D:3      | Killed Natasha
  4485 | D:3      | Noticed Natasha
  4489 | D:3      | Killed Natasha
  4576 | D:4      | Reached skill level 8 in Axes
  4576 | D:4      | Reached skill level 5 in Invocations
  5162 | D:4      | Noticed Duvessa
  5163 | D:4      | Noticed Dowan
  5176 | D:4      | Killed Duvessa
  5178 | D:4      | Reached skill level 9 in Axes
  5195 | D:4      | Killed Dowan
  5195 | D:4      | Reached XP level 8. HP: 58/66 MP: 12/12
  5332 | D:4      | Acquired Lugonu's fourth power
  5591 | D:5      | Entered Level 5 of the Dungeon
  5997 | D:5      | Found an opulent altar of Gozag.
  6016 | D:5      | Reached skill level 10 in Axes
  6639 | D:5      | Acquired Lugonu's fifth power
  7194 | D:6      | HP: 2/66 [orc warrior/glaive (18)]
  7338 | Abyss:1  | Noticed a storm dragon zombie
  7339 | D:6      | Escaped the Abyss
  7345 | D:6      | Reached skill level 11 in Axes
  7345 | D:6      | Reached XP level 9. HP: 12/71 MP: 14/14
  7408 | D:6      | HP: 3/71 [iguana (10)]
  7411 | D:6      | Slain by an iguana

Action                   |  1- 3 |  4- 6 |  7- 9 || total
-------------------------+-------+-------+-------++-------
Melee: Hand axe          |    69 |   240 |   230 ||   539
Throw: Javelin           |       |    10 |    61 ||    71
       Tomahawk          |       |       |    24 ||    24
Invok: Bend Space        |       |     2 |       ||     2
       Banish            |       |     3 |     2 ||     5
       Depart the Abyss  |       |       |     1 ||     1
       Enter the Abyss   |       |       |     1 ||     1
  Use: Scroll            |     2 |     5 |     5 ||    12
       Potion            |       |       |     1 ||     1
  Eat: Chunk             |       |     8 |    11 ||    19
       Pizza             |       |     1 |       ||     1
       Bread ration      |       |       |     1 ||     1
